 Dungeon Crawl Stone Soup version 0.24.0-123-gd5b16e6ec5 (webtiles) character file.

Game seed: 2890073103369036640, levelgen mode: deterministic

107 FishyPogo the Chiller (level 4, -9/34 HPs)
             Began as a Demonspawn Ice Elementalist on Jan 11, 2020.
             Engulfed by a cloud of flame (28 damage)
             ... on level 2 of the Dungeon.
             The game lasted 00:05:57 (2214 turns).

FishyPogo the Chiller (Demonspawn Ice Elementalist) Turns: 2214, Time: 00:05:57

Health: -9/34      AC:  4    Str:  9    XL:     4   Next: 57%
Magic:  6/7        EV: 13    Int: 16    God:
Gold:   59         SH:  0    Dex: 14    Spells: 4/7 levels left

rFire    . . .     SeeInvis .   d - +0 dagger
rCold    . . .     Gourm    .   (no shield)
rNeg     . . .     Faith    .   a - +0 robe
rPois    .         Spirit   .   (no helmet)
rElec    .         Reflect  .   (no cloak)
rCorr    .         Harm     .   (no gloves)
MR       .....                  (no boots)
Stlth    ++........             (no amulet)
HPRegen  0.11/turn              (no ring)
MPRegen  0.10/turn              (no ring)

@: no status effects
A: hooves 2, icy blue scales 1
a: no special abilities


You were on level 2 of the Dungeon.
You were hungry.

You visited 1 branch of the dungeon, and saw 2 of its levels.

You collected 59 gold pieces.

Inventory:

Hand Weapons
 d - a +0 dagger (weapon)
Missiles
 e - 23 stones (quivered)
Armour
 a - a +0 robe (worn)
Jewellery
 p - an uncursed ring of protection from fire {unknown}
Scrolls
 g - a scroll of teleportation {unknown}
 h - a scroll of noise {unknown}
 i - 2 scrolls of remove curse {unknown}
 o - a scroll of fear {unknown}
Potions
 b - 4 potions of curing {unknown}
 f - a potion of heal wounds {unknown}
 j - 2 potions of might {unknown}
 k - a potion of magic {unknown}
 m - a potion of lignification {unknown}
 n - a potion of brilliance {unknown}
Comestibles
 c - 3 rations
 l - 8 chunks of flesh


   Skills:
 * Level 2.9 Fighting
 + Level 2.6 Dodging
 + Level 2.4 Stealth
 - Level 2.0 Spellcasting
 - Level 1.0 Conjurations
 - Level 3.0 Ice Magic


You had 4 spell levels left.
You knew the following spells:

 Your Spells              Type           Power        Failure   Level  Hunger
a - Freeze                Ice            ##..         6%          1    #......
b - Throw Frost           Conj/Ice       #.....       14%         2    ###....

Your spell library contained the following spells:

 Spells                   Type           Power        Failure   Level  Hunger
 Ozocubu's Armour         Chrm/Ice       #.......     32%         3    ###....
 Throw Icicle             Conj/Ice       #.......     65%         4    #####..
 Summon Ice Beast         Ice/Summ       #.......     73%         4    #####..


Dungeon Overview and Level Annotations

Branches:
Dungeon (2/15)

Altars:
Vehumet
The Shining One

Annotations:
D:2 Terence


Innate Abilities, Weirdness & Mutations

You have hoof-like feet.
You are partially covered in icy blue scales. (AC +2)


Message History

You are feeling hungry.
o - a scroll labeled XURAUH ONTOAMI There isn't anything here!
Found a cyan potion.
Really walk into a travel-excluded area?
p - a moonstone ring
b - 3 glowing brown potions (gained 1)
You are engulfed in blazing flames.
There is a radiant altar of Vehumet here.
You kneel at the altar of Vehumet.
Unknown command.
Press < or > to pray at altars.
b - 4 glowing brown potions (gained 1)
Things that are here:
a robe; a scythe
Things that are here:
a robe; a scythe You are engulfed in blazing flames.
Ouch! That really hurt!
You die...

#.≈ ≈...... ...
#.###..##.. ...
#≈.##..##.# ....
#≈≈##..##.# ##.. ..
..≈≈#..##.# ........
...≈#..##.# #####.##..###
#.........####....!......#
###.........##.§§§§#.....
#.###..###.##..@..#...#
#.# #..# #.##.§.☼.#..# ..
#..# #.##...☼.#..# #
#..###.###.......#
#..##...#######..#
>#...........##..#
#..##...####.##..#
........## #.##..##.#
##..##### #........#


There were no monsters in sight!

Vanquished Creatures
  An adder (D:2)
  4 gnolls (D:2)
  An ooze (D:1)
  A worm (D:2)
  A dart slug (D:1)
  An orc (D:2)
  A ball python (D:1)
  3 bats
  3 giant cockroaches
  8 goblins
  6 hobgoblins
  2 jackals (D:1)
  3 quokkas (D:2)
  5 frilled lizards
  3 kobolds
  5 rats
48 creatures vanquished.

Vanquished Creatures (others)
  Sigmund (D:2)
1 creature vanquished.

Grand Total: 49 creatures vanquished

Notes
Turn   | Place    | Note
-------+----------+-------------------------------------------
     0 | D:1      | FishyPogo the Demonspawn Ice Elementalist began the quest
                  | for the Orb.
     0 | D:1      | Reached XP level 1. HP: 13/13 MP: 3/3
   264 | D:1      | Reached skill level 1 in Fighting
   264 | D:1      | Gained mutation: You have large cloven feet. [demonic
                  | ancestry]
   264 | D:1      | Reached XP level 2. HP: 18/21 MP: 3/5
   288 | D:1      | HP: 1/21 [kobold/+0 club (3)]
   707 | D:1      | Learned a level 2 spell: Throw Frost
   764 | D:1      | Reached skill level 3 in Ice Magic
   860 | D:1      | Gained mutation: You are partially covered in icy blue
                  | scales. (AC +2) [demonic ancestry]
   860 | D:1      | Reached XP level 3. HP: 26/27 MP: 4/6
  1164 | D:2      | Killed Sigmund
  1182 | D:2      | Noticed Terence
  1411 | D:2      | Found a glowing golden altar of the Shining One.
  1551 | D:2      | Gained mutation: You have hoof-like feet. [demonic
                  | ancestry]
  1551 | D:2      | Reached XP level 4. HP: 32/34 MP: 3/7
  2186 | D:2      | Found a radiant altar of Vehumet.
  2214 | D:2      | Engulfed by a cloud of flame

Levels and vault maps discovered:
D:1:      psy_arrival_radial02, layout_basic
D:2:      layout_loops_ring, fiery_altar_vehumet, tso_altar, first_ration,
          chequers_serial_rivers_small_b, st_stairs_5, uniq_sigmund,
          uniq_terence

Skill      XL: |  1  2  3 |
---------------+----------+-----
Fighting       | 1 2 |  2.9
Stealth        | 2 |  2.4
Dodging        | 2 |  2.6
Ice Magic      | 3 |  3.0
Spellcasting   | |  2.0
Conjurations   | |  1.0

Action                   |  1- 3 |  4- 6 || total
-------------------------+-------+-------++-------
Melee: Dagger            |    59 |    19 ||    78
       Kick              |     6 |     4 ||    10
Throw: Stone             |     1 |       ||     1
 Cast: Freeze            |    34 |     8 ||    42
       Throw Frost       |    14 |    12 ||    26
 Stab: Sleeping          |     6 |       ||     6
  Eat: Chunk             |     3 |     3 ||     6
Armor: Robe              |    12 |     2 ||    14
Dodge: Dodged            |    42 |    11 ||    53
